 Dungeon Crawl Stone Soup version 0.25.1-2-g60ff931df9 (webtiles) character file.

Game seed: 6134866073234784252

13345 DogServant the Destroyer (level 11, 94/94 HPs)
             Began as a Red Draconian Conjurer on Oct 18, 2020.
             Was a Priest of Ashenzari.
             Quit the game on level 1 of the Lair of Beasts.
             The game lasted 00:35:02 (14751 turns).

DogServant the Destroyer (Red Draconian Conjurer)  Turns: 14751, Time: 00:35:03

Health: 94/94      AC:  7    Str: 11    XL:     11   Next: 74%
Magic:  26/26      EV: 14    Int: 24    God:    Ashenzari [***...]
Gold:   613        SH:  0    Dex: 18    Spells: 8/22 levels left

rFire    + + .     SeeInvis +   r - +6 Majin-Bo {vamp, Archmagi MP+6 Int+6} (curse)
rCold    . . .     Gourm    .   (shield currently unavailable)
rNeg     . . .     Faith    .   (armour unavailable)
rPois    .         Spirit   .   (helmet restricted)
rElec    .         Reflect  .   (no cloak)
rCorr    .         Harm     .   (no gloves)
MR       .....                  (no boots)
Stlth    +++.......             (no amulet)
HPRegen  0.25/turn              p - ring "Nurgh" {rF+ Dex+6} (curse)
MPRegen  0.20/turn              k - ring of stealth

@: no status effects
A: breathe fire, unfitting armour, fire resistance 1, cold-blooded, AC +7
a: Breathe Fire, Curse Item, Scrying, Renounce Religion


You were on level 1 of the Lair of Beasts.
You worshipped Ashenzari.
Ashenzari was most pleased with you.
You were hungry.

You visited 2 branches of the dungeon, and saw 12 of its levels.

You collected 613 gold pieces.

Inventory:

Hand Weapons
 r - the cursed +6 Majin-Bo (weapon) {vamp, Archmagi MP+6 Int+6}
   (You found it on level 4 of the Dungeon)

   It inflicts no extra harm, but heals its wielder when it wounds a living foe.
   It affects your intelligence (+6).
   It affects your magic capacity (+6).
   It has a curse placed upon it.
Missiles
 g - 59 poisoned darts (quivered)
Jewellery
 k - a ring of stealth (right hand)
 p - the cursed ring "Nurgh" (left hand) {rF+ Dex+6}
   (You found it on level 11 of the Dungeon)

   [ring of dexterity]

   It affects your dexterity (+6).
   It protects you from fire.
   It has a curse placed upon it.
 q - an uncursed ring of positive energy
 B - an uncursed ring of see invisible
 I - an uncursed ring of resist corrosion
Wands
 j - a wand of disintegration (8)
 l - a wand of iceblast (10)
 m - a wand of flame (10)
 n - a wand of enslavement (15)
 x - a wand of digging (4)
 C - a wand of random effects (19)
 D - a wand of clouds (7)
Scrolls
 d - 4 scrolls of immolation
 u - 2 scrolls of fog
 v - a scroll of teleportation
 y - 3 scrolls of amnesia
 E - 3 scrolls of remove curse
 F - a scroll of enchant armour
 G - 5 scrolls of identify
 J - a scroll of enchant weapon
Potions
 a - 4 potions of curing
 c - 2 potions of invisibility
 e - a potion of heal wounds {unknown}
 f - a potion of magic
 h - a potion of brilliance
 i - a potion of berserk rage
 o - a potion of lignification
 s - 2 potions of haste
 w - 3 potions of stabbing
 z - 3 potions of might
 A - a potion of mutation {unknown}
Comestibles
 b - 20 rations


   Skills:
 - Level 8.1 Fighting
 - Level 3.0 Dodging
 - Level 1.7 Stealth
 - Level 6.0 Spellcasting
 + Level 10.8 Conjurations
 + Level 10.2 Hexes
 - Level 5.9 Translocations


You had 8 spell levels left.
You knew the following spells:

 Your Spells              Type           Power        Failure   Level  Hunger
a - Magic Dart            Conj           ####         1%          1    None
b - Searing Ray           Conj           ######       1%          2    None
c - Dazzling Flash        Conj/Hex       ######       1%          3    #......
d - Fulminant Prism       Conj/Hex       ######....   1%          4    ###....
e - Iskenderun's Mystic   Conj/Tloc      ######..     2%          4    ###....

Your spell library contained the following spells:

 Spells                   Type           Power        Failure   Level  Hunger


Dungeon Overview and Level Annotations

Branches:
Dungeon (11/15)            Temple (0/1) D:5            Lair (1/6) D:11
    Orc (0/2) D:10

Altars:
Ashenzari
Dithmenos
Elyvilon
Gozag
Kikubaaqudgha
Makhleb
Qazlal
Trog
Xom
Yredelemnul
Zin
The Shining One

Shops:
D:5 %   D:11 *

Annotations:
D:8 Gastronok
D:9 3 runed translucent doors, DogServant's ghost, novice DsVM; Garessta's ghost, journeyman DsFi; weresquid's ghost, novice OpCj


Innate Abilities, Weirdness & Mutations

You can breathe blasts of fire.
Your fiery red scales are hard. (AC +7)
You cannot fit into any form of body armour.
Your flesh is heat resistant. (rF+)
You are cold-blooded and may be slowed by cold attacks.


Message History

Aim: a water moccasin (moderately wounded)
You feel a surge of power!
The searing ray hits the water moccasin!
The water moccasin is almost dead. (Press . to maintain the ray.)
The water moccasin bites you but does no damage.
The searing ray hits the water moccasin!
You kill the water moccasin!
You are feeling hungry.
You sense a monster nearby.
A six-headed hydra comes into view.
Casting: Searing Ray (safe; 1% risk of failure)
Confirm with . or Enter, or press ? or * to list all spells.
Aiming: Fulminant Prism (mildly dangerous; 1% risk of failure)
Press: ? - help, Dir - move target cursor
Okay, then.
Welcome back, DogServant the Red Draconian Conjurer.
Ashenzari says: Partake of my vision.
Partake of my curse.
Press ? for a list of commands and other information.
Are you sure you want to abandon this character and quit the game? (Confirm with "yes".)

, .................######..
, ,
.........................
.........................
......................... ,
.........)...............
......................<..
...##.####....#####.####. *
...#..........#####.###.. *
..,#....@.....##......##. ,*
* #..........##......##. ,
..D.......P..........##.
..#.......#...###.##.#..
...............#####.####.
#....###.##.P#.............
+
,#..........................
...........................
,
...........................


You could see a six-headed hydra (wandering).

Vanquished Creatures
  A hydra (Lair:1)
  A cyclops (D:10)
  A gargoyle (D:11)
  A komodo dragon (Lair:1)
  A troll (D:11)
  Grinder (D:3)
  A hornet (D:8)
  Prince Ribbit (Lair:1)
  2 blink frogs (Lair:1)
  A meliai zombie (D:10)
  5 hippogriffs
  10 yaks (D:11)
  2 hungry ghosts
  3 vampire mosquitoes (D:10)
  2 water moccasins
  3 orc warriors
  2 porcupines (Lair:1)
  2 phantoms
  2 sky beasts
  3 black bears
  A necrophage (D:11)
  4 ice beasts
  6 ogres
  5 centaurs
  3 crocodiles (Lair:1)
  A big kobold (D:7)
  13 bullfrogs
  A gnoll sergeant (D:9)
  3 scorpions
  A wyvern skeleton (D:11)
  21 killer bees
  7 jellies
  14 wights
  A howler monkey (D:2)
  3 electric eels (D:7)
  3 bullfrog zombies
  4 crimson imps
  A quasit (D:11)
  3 hounds
  10 iguanas
  2 orc priests (D:8)
  4 orc wizards
  2 centaur skeletons
  3 worker ants
  2 howler monkey zombies (D:6)
  A worker ant zombie (D:8)
  7 gnolls
  8 adders
  3 shadow imps
  An ooze (D:1)
  2 adder skeletons
  An adder zombie (D:6)
  A worm (D:2)
  5 dart slugs
  5 leopard geckos
  29 orcs
  A ball python (D:2)
  A giant cockroach (D:3)
  A hobgoblin (D:1)
  10 jackals
  7 quokkas
  A bat (D:3)
  3 frilled lizards
  4 goblins
  6 kobolds
  A rat (D:1)
  6 fulminant prisms
267 creatures vanquished.

Vanquished Creatures (others)
  47 fulminant prisms
  3 fungi (Lair:1)
  A plant (Lair:1)
51 creatures vanquished.

Grand Total: 318 creatures vanquished

Notes
Turn   | Place    | Note
-------+----------+-------------------------------------------
     0 | D:1      | DogServant the Draconian Conjurer began the quest for the
                  | Orb.
     0 | D:1      | Reached XP level 1. HP: 14/14 MP: 3/3
   575 | D:1      | Reached XP level 2. HP: 18/20 MP: 1/5
  1223 | D:2      | Found a stormy altar of Qazlal.
  1235 | D:2      | Reached XP level 3. HP: 14/26 MP: 1/7
  1567 | D:2      | Reached XP level 4. HP: 29/33 MP: 1/8
  1571 | D:2      | Learned a level 2 spell: Searing Ray
  1699 | D:2      | Found a glowing silver altar of Zin.
  1737 | D:2      | Found an opulent altar of Gozag.
  1796 | D:2      | Reached skill level 5 in Conjurations
  2269 | D:3      | Noticed Grinder
  2287 | D:3      | Killed Grinder
  2287 | D:3      | Reached XP level 5. HP: 26/38 MP: 1/11
  2287 | D:3      | Reached XP level 6. HP: 31/45 MP: 1/12
  2824 | D:4      | Learned a level 3 spell: Dazzling Flash
  2829 | D:4      | Learned a level 4 spell: Fulminant Prism
  2834 | D:4      | Learned a level 4 spell: Iskenderun's Mystic Blast
  2972 | D:4      | Reached skill level 1 in Fighting
  3081 | D:4      | Found a shimmering altar of Xom.
  3112 | D:4      | Found the +6 Majin-Bo {vamp, Archmagi MP+6 Int+6}
  3297 | D:4      | Reached skill level 1 in Hexes
  3297 | D:4      | Reached skill level 1 in Translocations
  3494 | D:5      | Entered Level 5 of the Dungeon
  3518 | D:5      | Noticed an ice beast
  3529 | D:5      | Killed an ice beast
  3529 | D:5      | Your scales start taking on a fiery red colour.
  3529 | D:5      | Reached XP level 7. HP: 33/55 MP: 12/13
  3529 | D:5      | Gained mutation: Your flesh is heat resistant. (rF+) [Red
                  | Draconian growth]
  3708 | D:5      | Found a shattered altar of Ashenzari.
  3716 | D:5      | Found Oraloiwy's Food Shop.
  3749 | D:5      | Became a worshipper of Ashenzari the Shackled
  3923 | D:5      | Found a bloodstained altar of Trog.
  4062 | D:5      | Found a glowing golden altar of the Shining One.
  4117 | D:5      | Found a white marble altar of Elyvilon.
  4426 | D:5      | Found a staircase to the Ecumenical Temple.
  4639 | D:6      | Reached XP level 8. HP: 54/66 MP: 13/14
  5073 | D:6      | Reached skill level 5 in Fighting
  5452 | D:6      | Reached skill level 5 in Translocations
  5706 | D:7      | Found a shadowy altar of Dithmenos.
  5712 | D:7      | Reached XP level 9. HP: 67/75 MP: 9/15
  5713 | D:7      | Reached skill level 5 in Hexes
  6177 | D:7      | Found a basalt altar of Yredelemnul.
  6186 | D:7      | Reached * piety under Ashenzari
  6495 | D:7      | Found an ancient bone altar of Kikubaaqudgha.
  6518 | D:7      | Reached skill level 5 in Spellcasting
  7832 | D:8      | Reached XP level 10. HP: 86/88 MP: 13/18
  8134 | D:8      | Found a burning altar of Makhleb.
  8300 | D:8      | Noticed Gastronok
  9673 | D:9      | Found the +8 arc blade {discharge, rElec}
  9768 | D:9      | Found a runed translucent gate.
  9768 | D:9      | Found a runed translucent gate.
  9777 | D:9      | Found a runed translucent gate.
  9780 | D:9      | Noticed Garessta's ghost (journeyman DsFi)
  9780 | D:9      | Noticed DogServant's ghost (novice DsVM)
  9781 | D:9      | Noticed weresquid's ghost (novice OpCj)
  9815 | D:9      | Reached ** piety under Ashenzari
  9950 | D:10     | Entered Level 10 of the Dungeon
  9950 | D:10     | Found a staircase to the Orcish Mines.
 10527 | D:10     | Noticed a cyclops
 10539 | D:10     | Killed a cyclops
 10539 | D:10     | Reached XP level 11. HP: 20/94 MP: 5/20
 11841 | D:11     | Identified the ring "Nurgh" {rF+ Dex+6}
 12405 | D:11     | Reached skill level 10 in Conjurations
 12724 | D:11     | Found Rioraili's Assorted Antiques.
 12864 | D:11     | Found a staircase to the Lair.
 13650 | Lair:1   | Entered Level 1 of the Lair of Beasts
 13672 | Lair:1   | Noticed Prince Ribbit
 13681 | Lair:1   | Killed Prince Ribbit
 14005 | Lair:1   | Reached *** piety under Ashenzari
 14152 | Lair:1   | Reached skill level 10 in Hexes
 14215 | Lair:1   | Noticed a six-headed hydra
 14225 | Lair:1   | Killed a six-headed hydra
 14749 | Lair:1   | Noticed a six-headed hydra
 14751 | Lair:1   | Quit the game

Illustrated notes

Levels and vault maps discovered:
D:1:      elethiomel_arrival_maze, layout_basic, nrook_campfire
D:2:      layout_basic, zin_scriptorium, overflow_temple_1_default,
          lemuel_crystal_altar, first_ration, grunt_ministairs_8
D:3:      layout_rooms, uniq_grinder
D:4:      layout_rooms, lemuel_round_altar, chequers_serial_rivers_small_3
D:5:      layout_loops_ring, ashenzari_altar_1, lemuel_round_altar,
          lemuel_temple_firewalk_b, basic_altar, serial_shops, shop,
          nicolae_tso_carved_into_rock
D:6:      layout_basic
D:7:      statuecave_lemuel, layout_loops_cross, marbit_many_paths,
          nicolae_overflow_hidden_temple, nicolae_dithmenos_the_darkroom,
          grunt_ogre_cave, hangedman_decor_slide_cut, minmay_bent
D:8:      layout_basic, lemuel_round_altar, uniq_gastronok
D:9:      layout_basic, serial_glass, glass_columns_a, glass_columns_a,
          glass_columns_c, glass_columns_a, glass_columns_c, glass_columns_a,
          glass_columns_b, glass_columns_b, glass_columns_a, glass_columns_b,
          glass_columns_a, glass_columns_a, glass_columns_a, glass_columns_a,
          feat_on_display, feat_on_display, gammafunk_ghost_cemetery
D:10:     layout_layer_cave, orc_0_dummy, minmay_hedge_maze, nrook_mini_vaults,
          bh_chokoban
D:11:     layout_basic, lair_entry_dummy, special_room [special_room_orc],
          serial_shops, shop, kennysheep_generic_room_3
Lair:1:   layout_regular_city, uniq_prince_ribbit2

Skill      XL: |  1  2  3  4  5  6  7  8  9 10 11 |
---------------+----------------------------------+-----
Spellcasting   | 3 4 5 6 |  6.0
Conjurations   | 6 9 10 | 10.8
Fighting       | 2 4 6 7 8 |  8.1
Hexes          | 1 3 4 6 8 10 | 10.2
Translocations | 2 3 5 |  5.9
Dodging        | 3 |  3.0
Stealth        | |  1.7

Action                   |  1- 3 |  4- 6 |  7- 9 | 10-12 || total
-------------------------+-------+-------+-------+-------++-------
Melee: Unarmed           |    20 |    25 |       |       ||    45
       Tailslap          |     2 |     6 |     8 |    15 ||    31
       Quarterstaff      |       |     3 |    41 |    78 ||   122
Throw: Dart              |     4 |       |       |       ||     4
 Cast: Magic Dart        |    40 |    43 |    94 |    61 ||   238
       Searing Ray       |       |     9 |    38 |    72 ||   119
       Fulminant Prism   |       |       |    15 |    38 ||    53
       Dazzling Flash    |       |       |     3 |     8 ||    11
       Iskenderun's Myst |       |       |       |     5 ||     5
Invok: Curse Item        |       |       |     1 |     1 ||     2
 Abil: Breathe Fire      |       |       |     8 |    12 ||    20
Evoke: Wand              |       |     3 |       |       ||     3
  Use: Scroll            |     3 |     8 |     2 |    10 ||    23
 Stab: Sleeping          |     1 |     2 |     1 |     1 ||     5
       Invisible         |       |       |       |     2 ||     2
  Eat: Chunk             |     2 |     6 |    12 |    26 ||    46
       Ration            |       |       |     1 |     1 ||     2
Armor: Skin              |     9 |     8 |    21 |    39 ||    77
Dodge: Dodged            |    13 |    29 |    71 |   133 ||   246
